 Dungeon Crawl Stone Soup version 0.20.1-1-g8b1a95d (webtiles) character file.

1622 pstr the Conjurer (level 9, 0/48 HPs)
             Began as a Kobold Conjurer on Nov 14, 2017.
             Shot with a sling bullet by Joseph (13 damage)
             ... on level 7 of the Dungeon.
             The game lasted 00:28:31 (9580 turns).

pstr the Conjurer (Kobold Conjurer)                 Turns: 9580, Time: 00:28:32

Health: 0/48       AC: 11    Str:  6    XL:     9   Next: 17%
Magic:  15/27      EV: 13    Int: 19    God:
Gold:   382        SH:  0    Dex: 15    Spells: 14/21 levels left

rFire    . . .     SeeInvis .   x - staff of wizardry
rCold    . . .     Gourm    .   (shield currently unavailable)
rNeg     . . .     Faith    .   A - +2 ring mail
rPois    .         Spirit   .   (no helmet)
rElec    .         Reflect  .   t - +0 cloak
rCorr    .         Harm     .   v - +0 pair of gloves
MR       .....                  I - +0 pair of boots
Stlth    ++........             H - amulet of magic regeneration
Regen    0.2/turn               (no ring)
MPRegen  0.3/turn               E - ring of magical power

@: no status effects
A: carnivore 3
a: no special abilities


You were on level 7 of the Dungeon.
You were very full.

You visited 1 branch of the dungeon, and saw 7 of its levels.
You also visited: Sewer.

You collected 382 gold pieces.

Inventory:

Hand Weapons
 u - a +0 falchion
 B - a +4 mace of protection
Missiles
 d - 225 stones (quivered)
 e - 21 arrows
Armour
 a - a +0 robe
 t - a +0 cloak (worn)
 v - a +0 pair of gloves (worn)
 A - a +2 ring mail (worn)
 D - a +0 leather armour
 I - a +0 pair of boots (worn)
Magical Staves
 w - an uncursed staff of earth
 x - an uncursed staff of wizardry (weapon)
Jewellery
 E - a ring of magical power (right hand)
 H - an amulet of magic regeneration (around neck)
 K - the amulet "Loxevviu" {Reflect rElec Str+3 SH+3}
   (You found it on level 5 of the Dungeon)

   [amulet of reflection]

   It shields you and reflects attacks.
   It affects your strength (+3).
   It insulates you from electricity.
   It affects your SH (+3).
 L - an uncursed ring of resist corrosion
Wands
 C - a wand of lightning (15/15)
 M - a wand of confusion (41/48)
Scrolls
 f - 4 scrolls of remove curse
 h - 4 scrolls of identify
 o - 2 scrolls of blinking
 q - a scroll of magic mapping
 r - 3 scrolls of teleportation
 F - a scroll of fear
 G - 2 scrolls of fog
Potions
 g - a potion of mutation {unknown}
 i - a potion of lignification
 j - 2 potions of heal wounds
 k - 3 potions of might {unknown}
 m - a potion of invisibility {unknown}
 n - 4 potions of curing {unknown}
 p - a potion of brilliance {unknown}
 z - 2 potions of haste {unknown}
 J - 2 potions of berserk rage {unknown}
Books
 b - a book of Conjurations

   Spells                             Type                      Level
   a - Magic Dart                     Conjuration                  1
   b - Searing Ray                    Conjuration                  2
   c - Dazzling Spray                 Conjuration/Hexes            3
   d - Fulminant Prism                Conjuration/Hexes            4
   e - Force Lance                    Conjuration/Translocation    4
   f - Iskenderun's Mystic Blast      Conjuration                  4
 s - a book of Minor Magic

   Spells                             Type                      Level
   a - Magic Dart                     Conjuration                  1
   b - Blink                          Translocation                2
   c - Call Imp                       Summoning                    2
   d - Slow                           Hexes                        2
   e - Conjure Flame                  Conjuration/Fire             3
   f - Mephitic Cloud                 Conjuration/Poison/Air       3
 y - a book of Changes

   Spells                             Type                      Level
   a - Beastly Appendage              Transmutation                1
   b - Sticks to Snakes               Transmutation                2
   c - Spider Form                    Transmutation/Poison         3
   d - Ice Form                       Ice/Transmutation            4
   e - Blade Hands                    Transmutation                5
Comestibles
 c - 3 meat rations
 l - 2 royal jellies


   Skills:
 + Level 1.8 Fighting
 + Level 1.0 Staves
 + Level 3.6 Armour
 + Level 4.1 Dodging
 + Level 4.3 Stealth
 + Level 0.4 Unarmed Combat
 + Level 6.6 Spellcasting
 + Level 7.4 Conjurations


You had 14 spell levels left.
You knew the following spells:

 Your Spells              Type           Power        Failure   Level  Hunger
a - Magic Dart            Conj           ####         1%          1    None
b - Searing Ray           Conj           ####..       1%          2    None
c - Iskenderun's Mystic   Conj           ####....     8%          4    ####...


Dungeon Overview and Level Annotations

Branches:
Dungeon (7/15)
 Temple: D:4-7

Altars:
Ashenzari
Fedhas
Nemelex Xobeh

Annotations:
D:6 Thaneod's ghost, novice MiGl
D:7 Joseph


Innate Abilities, Weirdness & Mutations

You are small and have problems with some larger weapons.
You are carnivorous and can eat meat at any time.


Message History

Casting: Searing Ray
Confirm with . or Enter, or press ? or * to list all spells.
Aiming: Searing Ray
Press: ? - help, Shift-Dir - straight line, f/p - Joseph
Aim: Joseph, wielding a hunting sling and wearing a ring mail (severely wounded)
The searing ray hits Joseph.
Joseph is severely wounded. (Press . to maintain the ray.) Joseph smiles happily.
Joseph shoots a sling bullet.
The sling bullet hits you.
The searing ray misses Joseph.
The searing ray hits Joseph.
Joseph is severely wounded.
Joseph shoots a sling bullet.
The sling bullet hits you!
* * * LOW HITPOINT WARNING * * *
The searing ray hits Joseph.
Joseph is almost dead.
You finish channeling your searing ray.
Joseph shoots a sling bullet.
The sling bullet hits you!
You die...

#.##### #.@.@.#
#.###.# #.###.###
#.......#
#.....#.#
##...###.#######.
.................
###...###.#######.
#...# #.#


You could see Joseph.

Vanquished Creatures
  The ghost of Thaneod the Chopper, an amateur MiGl (D:4)
  An orc warrior (D:6)
  A phantom (D:5)
  An ogre (D:4)
  Blork the orc (D:6)
  2 bullfrogs (Sewer)
  A scorpion (D:6)
  2 howler monkeys (D:4)
  2 bullfrog zombies (D:5)
  3 hounds
  2 orc priests (D:5)
  A jelly (D:5)
  4 orc wizards
  A centaur skeleton (D:4)
  6 worker ants
  3 river rats (D:5)
  12 adders
  7 oozes
  2 adder skeletons (D:4)
  2 adder zombies
  5 worms
  5 dart slugs
  12 leopard geckos
  9 orcs
  10 ball pythons (Sewer)
  6 bats
  24 giant cockroaches
  7 goblins
  11 hobgoblins
  16 jackals
  2 quokkas (D:2)
  12 frilled lizards
  2 jackal skeletons (D:4)
  9 kobolds
  5 rats
190 creatures vanquished.

Vanquished Creatures (others)
  5 toadstools (D:1)
5 creatures vanquished.

Grand Total: 195 creatures vanquished

Notes
Turn   | Place    | Note
-------+----------+-------------------------------------------
     0 | D:1      | pstr the Kobold Conjurer began the quest for the Orb.
     0 | D:1      | Reached XP level 1. HP: 10/10 MP: 3/3
   288 | D:1      | Reached XP level 2. HP: 15/15 MP: 1/5
   292 | D:1      | Learned a level 2 spell: Searing Ray
   930 | D:1      | Reached XP level 3. HP: 19/19 MP: 3/6
  1743 | D:2      | Reached XP level 4. HP: 24/24 MP: 2/7
  1848 | D:2      | Reached skill level 5 in Conjurations
  2121 | D:2      | Found a shattered altar of Ashenzari.
  2765 | D:2      | Found a sparkling altar of Nemelex Xobeh.
  2770 | D:2      | Found a blossoming altar of Fedhas.
  3060 | D:3      | Reached XP level 5. HP: 28/28 MP: 4/9
  4593 | D:4      | Noticed Thaneod's ghost (amateur MiGl)
  4866 | D:4      | Reached XP level 6. HP: 32/32 MP: 11/11
  5489 | D:4      | Reached skill level 1 in Armour
  5527 | D:4      | Noticed an ogre
  5555 | D:4      | Killed an ogre
  5555 | D:4      | Reached XP level 7. HP: 36/36 MP: 4/13
  6067 | D:5      | Entered Level 5 of the Dungeon
  6128 | D:5      | Reached skill level 6 in Conjurations
  6284 | D:5      | Found a glowing drain.
  6340 | Sewer    | Entered a sewer
  6585 | Sewer    | Reached skill level 1 in Staves
  7102 | Sewer    | Reached skill level 5 in Spellcasting
  7110 | Sewer    | Reached XP level 8. HP: 26/41 MP: 8/15
  7670 | D:5      | Got a scorched platinum amulet
  8368 | D:6      | Reached skill level 1 in Fighting
  8480 | D:6      | Reached skill level 7 in Conjurations
  8502 | D:6      | Reached XP level 9. HP: 47/47 MP: 18/18
  8642 | D:5      | Learned a level 4 spell: Iskenderun's Mystic Blast
  8707 | D:4      | Killed Thaneod's ghost
  9084 | D:6      | Identified the amulet "Loxevviu" {Reflect rElec Str+3 SH+3} (You found it on level 5 of the Dungeon)
  9172 | D:6      | Noticed Blork the orc
  9176 | D:6      | Killed Blork the orc
  9235 | D:6      | Noticed Thaneod's ghost (novice MiGl)
  9568 | D:7      | Noticed Joseph
  9580 | D:7      | Shot with a sling bullet by Joseph

Skill      XL: |  1  2  3  4  5  6  7  8 |
---------------+-------------------------+-----
Stealth        | 3 4 |  4.3
Conjurations   | 5 6 7 |  7.4
Spellcasting   | 3 4 5 6 |  6.6
Armour         | 1 2 3 |  3.6
Dodging        | 3 4 |  4.1
Staves         | 1 |  1.0
Fighting       | 1 |  1.8
Unarmed Combat | |  0.4

Action                   |  1- 3 |  4- 6 |  7- 9 || total
-------------------------+-------+-------+-------++-------
Melee: Unarmed           |    19 |       |       ||    19
       Dagger            |       |    11 |       ||    11
       Staff             |       |     1 |       ||     1
 Cast: Magic Dart        |    33 |    38 |    34 ||   105
       Searing Ray       |    14 |    57 |    99 ||   170
       Iskenderun's Myst |       |       |     1 ||     1
  Use: Scroll            |       |    13 |     2 ||    15
       Potion            |       |     3 |       ||     3
  Eat: Chunk             |    12 |    14 |    12 ||    38
Armor: Robe              |     5 |     2 |       ||     7
       Ring mail         |       |    14 |    50 ||    64
       Skin              |       |     5 |       ||     5
Dodge: Dodged            |    19 |    83 |    74 ||   176
